[Event "Team 45 45 League T65"]
[Site "Internet Chess Club"]
[Date "2015.06.20"]
[Round "3"]
[White "room-matt"]
[Black "BigH"]
[Result "0-1"]
[WhiteElo "1896"]
[BlackElo "1992"]
[Opening "French: MacCutcheon, Janowski variation"]
[ECO "C12"]
[Time "02:10:30"]
[TimeControl "2700+45"]

1. e4 e6 2. d4 d5 3. Nc3 Nf6 4. Bg5 Bb4 5. e5 h6 6. Be3 Ne4 7. Qg4 Kf8 8. a3
Bxc3+ 9. bxc3 Nxc3 10. Bd3 b6 11. Nh3 Ba6 12. Nf4 Bxd3 13. Nxd3 Na4 14. O-O Nd7
15. f4 g6 16. Bd2 c5 17. c3 Rc8 18. Qd1 b5 19. Rb1 a6 20. Qe1 Ndb6 21. Nf2 h5
22. Rb3 Nc4 23. g3 Kg7 24. Be3 Qe7 25. Bc1 Qa7 26. Be3 Nxe3 27. Qxe3 cxd4 28.
cxd4 Rc4 29. Rd1 Qc7 30. Nd3 Rc3 31. Rc1 Rxc1+ 32. Nxc1 Rc8 33. Nd3 Qc2 34. Ne1
Qd1 35. Rd3 Qa1 36. Kg2 Nb2 37. Rb3 Rc1 38. Qe2 Rxe1 39. Qxb2 Rg1+ 40. Kf3 Qf1+
41. Ke3 Rg2 {White resigns} 0-1

[Event "Team 45 45 League T65"]
[Site "Internet Chess Club"]
[Date "2015.06.21"]
[Round "3"]
[White "modiglani"]
[Black "Goli"]
[Result "1-0"]
[WhiteElo "1972"]
[BlackElo "1718"]
[Opening "Polish (Sokolsky) opening"]
[ECO "A00"]
[Time "13:17:30"]
[TimeControl "2700+45"]

1. b4 Nf6 2. Bb2 e6 3. a3 g6 4. e3 Bg7 5. f4 O-O 6. Nf3 Qe7 7. Be2 c5 8. O-O
cxb4 9. axb4 b6 10. b5 d6 11. d3 Nd5 12. Bxg7 Nxe3 13. Bxf8 Qxf8 14. Qd2 Nxf1
15. Bxf1 Qg7 16. Qc3 Qh6 {Black resigns} 1-0

[Event "Team 45 45 League T65"]
[Site "Internet Chess Club"]
[Date "2015.06.22"]
[Round "3"]
[White "Innes"]
[Black "Duguesclin"]
[Result "0-1"]
[WhiteElo "1672"]
[BlackElo "1671"]
[Opening "Bird's opening"]
[ECO "A02"]
[Time "16:00:25"]
[TimeControl "2700+45"]

1. f4 b6 2. e4 Bb7 3. Nc3 Nf6 4. d3 e6 5. Nf3 Bb4 6. Be2 O-O 7. O-O d5 8. e5
Nfd7 9. d4 c5 10. a3 Ba5 11. Nb5 a6 12. Nd6 Qc7 13. c3 c4 14. Qe1 Nc6 15. Qh4
Ra7 16. Ng5 h6 17. Rf3 Ne7 18. Rh3 Nf5 19. Qg4 Nxd6 20. exd6 Qxd6 21. Be3 f5 22.
Qh4 b5 23. Bh5 Nf6 24. Bg6 Bc6 25. Nf3 Bd8 26. Qg3 Be8 27. Ne5 Ne4 28. Qf3 Bxg6
29. Nxg6 Rf6 30. Ne5 Rc7 31. g4 fxg4 32. Qxg4 Qf8 33. Rf1 g5 34. Rh5 Rg7 35. f5
exf5 36. Qe2 f4 37. Bf2 Qe8 38. Qg4 Bc7 39. Kh1 Bxe5 40. dxe5 Qxe5 41. Bd4 Qe6
42. Qd1 Rfg6 43. Bxg7 Kxg7 44. Qd4+ Kh7 45. Rf3 Nf6 46. Rhh3 g4 47. Rxf4 gxh3
48. Qf2 Ng4 49. Qf1 Rg7 50. Qb1+ Kg8 51. Qf1 d4 52. cxd4 Ne3 53. Rf8+ Kh7 54.
Qb1+ Rg6 {White resigns} 0-1

[Event "Team 45 45 League T65"]
[Site "Internet Chess Club"]
[Date "2015.06.18"]
[Round "3"]
[White "lacibacsi"]
[Black "fishhead"]
[Result "1-0"]
[WhiteElo "2069"]
[BlackElo "1870"]
[Opening "Sicilian: closed"]
[ECO "B23"]
[Time "15:00:14"]
[TimeControl "2700+45"]

1. e4 c5 2. Nc3 d6 3. g3 Nf6 4. Bg2 g6 5. d3 Bg7 6. h3 Nc6 7. Be3 a6 8. f4 e5 9.
Nge2 Qe7 10. O-O h6 11. Qd2 b5 12. a3 Bb7 13. Rae1 Nd4 14. Nd5 Nxd5 15. exd5 Nf5
16. Bf2 O-O 17. Kh2 Rae8 18. c4 Qd8 19. Nc3 exf4 20. Qxf4 Be5 21. Qd2 h5 22.
Rxe5 Rxe5 23. g4 hxg4 24. hxg4 Nd4 25. Bg3 Qg5 26. Qxg5 Rxg5 27. Ne4 Re5 28.
Bxe5 dxe5 29. Nxc5 Bc8 30. Re1 f6 31. g5 Kf7 32. gxf6 Kxf6 33. Rf1+ Nf5 34. Ne4+
Ke7 35. c5 Rh8+ 36. Kg1 Ne3 37. d6+ Kd8 38. Rf7 Nf5 39. Nf6 a5 40. c6 Be6 41.
Ra7 Nxd6 42. c7+ {Black resigns} 1-0

[Event "Team 45 45 League T65"]
[Site "Internet Chess Club"]
[Date "2015.06.23"]
[Round "3"]
[White "Tobiasdelmonte"]
[Black "no3"]
[Result "0-1"]
[WhiteElo "1770"]
[BlackElo "1667"]
[Opening "Queen's bishop game"]
[ECO "D02"]
[Time "22:11:21"]
[TimeControl "2700+45"]

1. d4 d5 2. Nf3 Nf6 3. Bf4 Nc6 4. e3 Bg4 5. Be2 e6 6. O-O Bd6 7. Bg3 O-O 8. c4
dxc4 9. Bxc4 Re8 10. Nbd2 e5 11. dxe5 Nxe5 12. Bxe5 Rxe5 13. Qb3 Re7 14. Nd4 Bc8
15. N2f3 a6 16. h3 Qe8 17. a4 b6 18. Rac1 Bb7 19. Nf5 Rd7 20. Rfd1 Bxf3 21. gxf3
Qe5 22. Ng3 Qg5 23. f4 Qh6 24. Kg2 Nh5 25. Bd5 Rad8 26. Bf3 g6 27. Bxh5 gxh5 28.
Kh2 Kh8 29. Nf5 Bxf4+ 30. exf4 Qxf4+ 31. Ng3 Qxf2+ 32. Kh1 Rxd1+ 33. Rxd1 Rxd1+
34. Qxd1 Qxg3 35. Qd4+ Kg8 36. h4 Qf3+ 37. Kh2 Qe2+ 38. Kh1 Qe7 39. Kg2 c5 40.
Qf4 Qe2+ 41. Kh1 Qd1+ 42. Kh2 Qc2+ 43. Kh1 Qb1+ 44. Kh2 Qxb2+ 45. Kh1 Qb1+ 46.
Kh2 Qg6 47. Qb8+ Kg7 48. Qe5+ Qf6 49. Qg3+ Kh6 50. Qe3+ Kg6 51. Qg3+ Kf5 52.
Qd3+ Ke6 53. Qc4+ Kd7 54. Kh1 Qc6+ 55. Kh2 Qd6+ 56. Kh1 Qd1+ 57. Kh2 Qd2+ 58.
Kh1 Qe1+ 59. Kh2 Qf2+ 60. Kh1 Qf3+ 61. Kh2 a5 62. Qb5+ Kc7 63. Qc4 Qf2+ 64. Kh1
Qf5 65. Kh2 Kb7 66. Kh1 Qe6 67. Qf4 f5 68. Qg5 Qe1+ 69. Kh2 Qf2+ 70. Kh1 Qf3+
71. Kh2 Qe2+ 72. Kh1 Qd1+ 73. Kh2 Qxa4 74. Qe7+ Ka6 75. Qe2+ c4 76. Qe6 Qc2+ 77.
Kh3 Qd3+ 78. Kh2 a4 79. Qc6 Qc2+ 80. Kg1 Qc1+ 81. Kh2 Qf4+ 82. Kg1 Ka5 83. Qd5+
b5 84. Qa8+ Kb4 85. Qf8+ Kb3 86. Qd8 b4 87. Qd1+ Kc3 88. Qxa4 Qc1+ 89. Kh2 Qc2+
90. Qxc2+ Kxc2 {White resigns} 0-1

[Event "Team 45 45 League T65"]
[Site "Internet Chess Club"]
[Date "2015.06.20"]
[Round "3"]
[White "JPSVI"]
[Black "xt"]
[Result "0-1"]
[WhiteElo "1407"]
[BlackElo "1719"]
[Opening "Van't Kruijs opening"]
[ECO "A00"]
[Time "23:12:52"]
[TimeControl "2700+45"]

1. e3 e5 2. d4 exd4 3. exd4 Nf6 4. Nf3 Bb4+ 5. c3 Be7 6. Bd3 d6 7. h3 Be6 8. O-O
a6 9. Bf4 h6 10. Nbd2 Nbd7 11. Qc2 Nb6 12. Rfe1 Nbd5 13. Bg3 O-O 14. Re2 Nh5 15.
Rae1 Ndf4 16. Bxf4 Nxf4 17. Re4 Nxd3 18. Qxd3 Bf5 19. Nf1 d5 {White resigns} 0-1

[Event "Team 45 45 League T65"]
[Site "Internet Chess Club"]
[Date "2015.06.19"]
[Round "3"]
[White "LiangLiang"]
[Black "fireball"]
[Result "1-0"]
[WhiteElo "1916"]
[BlackElo "1614"]
[Opening "French: Tarrasch, closed variation, main line"]
[ECO "C05"]
[Time "13:02:48"]
[TimeControl "2700+45"]

1. e4 e6 2. d4 d5 3. Nd2 Nf6 4. e5 Nfd7 5. Bd3 c5 6. c3 cxd4 7. cxd4 Nc6 8. Ne2
Bb4 9. O-O O-O 10. Kh1 f5 11. f4 Ba5 12. Nf3 h6 13. Bd2 Bxd2 14. Qxd2 Nb6 15.
Rg1 Nc4 16. Bxc4 dxc4 17. Qc3 Qd5 18. Rac1 b5 19. b3 Ba6 20. a4 b4 21. bxc4 Qa5
22. Qb3 Rfd8 23. d5 exd5 24. cxd5 Qxd5 25. Qxd5+ Rxd5 26. Ng3 Ne7 27. Rc7 Kf8
28. Nh5 b3 29. Nxg7 b2 30. Ne6+ Kf7 31. Ned4 Rb8 32. Rxe7+ Kxe7 33. Nc6+ Ke6 34.
Nxb8 Bd3 35. Nd2 Rc5 36. h4 Rc1 37. Kh2 Rc8 38. Nb3 Rxb8 39. Nc5+ Ke7 40. Nxd3
b1=Q 41. Rxb1 Rxb1 42. Nc5 Rb4 43. g3 Rc4 44. Nb7 Rxa4 45. Nd6 Ke6 46. Ne8 a5
47. Ng7+ Kf7 48. Nxf5 Kg6 49. Nd6 Rd4 50. f5+ Kg7 51. f6+ Kf8 52. g4 a4 53. g5
a3 54. g6 a2 55. e6 Rxd6 56. e7+ Ke8 57. g7 a1=Q 58. g8=Q+ Kd7 59. e8=Q+ Kc7 60.
Qc4+ Kb6 61. Qb8+ Ka5 62. Qbb4# {Black checkmated} 1-0

[Event "Team 45 45 League T65"]
[Site "Internet Chess Club"]
[Date "2015.06.20"]
[Round "3"]
[White "SaltofLife"]
[Black "SAC2001"]
[Result "0-1"]
[WhiteElo "1862"]
[BlackElo "1792"]
[Opening "King's Indian: Torre attack"]
[ECO "A48"]
[Time "14:39:38"]
[TimeControl "2700+45"]

1. d4 Nf6 2. Nf3 g6 3. Bg5 Bg7 4. Nbd2 d5 5. e3 O-O 6. c3 Nbd7 7. h3 c6 8. Be2
Re8 9. b4 e5 10. Nb3 e4 11. Nfd2 Nf8 12. O-O Ne6 13. Bh4 Bd7 14. c4 Rc8 15. c5
b6 16. a4 Nc7 17. Qc2 Rb8 18. Rfb1 Qc8 19. Bg3 Nh5 20. Bxh5 gxh5 21. Qd1 Re6 22.
cxb6 axb6 23. a5 Rg6 24. axb6 Rxb6 25. Nc5 Bxh3 26. gxh3 h4 27. Kh2 hxg3+ 28.
fxg3 Ne6 29. Nxe6 Qxe6 30. Nb3 Rxb4 31. Ra8+ Bf8 32. Rb2 Kg7 33. Rg2 Bd6 34. Nc5
Qf5 35. Qa1 Rh6 36. Nxe4 Rxh3+ 37. Kg1 Qxe4 {White resigns} 0-1

[Event "Team 45 45 League T65"]
[Site "Internet Chess Club"]
[Date "2015.06.21"]
[Round "3"]
[White "anishio"]
[Black "fledermaus"]
[Result "0-1"]
[WhiteElo "1664"]
[BlackElo "1949"]
[Opening "Sicilian: Scheveningen, 6.Be2"]
[ECO "B83"]
[Time "11:00:58"]
[TimeControl "2700+45"]

1. e4 c5 2. Nf3 e6 3. d4 cxd4 4. Nxd4 Nf6 5. Nc3 d6 6. Be2 Be7 7. Be3 Nc6 8. Qd2
O-O 9. O-O-O d5 10. exd5 Nxd5 11. Nb3 Bb4 12. Qe1 Nxc3 13. bxc3 Ba3+ 14. Kb1 Qe7
15. f3 e5 16. Qg3 a5 17. h4 a4 18. Nc1 f5 19. Bg5 Qc5 20. Bd2 Qb6+ 21. Nb3 Be6
22. f4 axb3 {White resigns} 0-1

[Event "Team 45 45 League T65"]
[Site "Internet Chess Club"]
[Date "2015.06.20"]
[Round "3"]
[White "jonesey"]
[Black "bhxm"]
[Result "1-0"]
[WhiteElo "1901"]
[BlackElo "1405"]
[Opening "English: Anglo-Grünfeld, Smyslov defense"]
[ECO "A16"]
[Time "12:00:26"]
[TimeControl "2700+45"]

1. c4 Nf6 2. Nc3 d5 3. cxd5 Nxd5 4. g3 g6 5. Bg2 Nxc3 6. bxc3 Bg7 7. Nf3 O-O 8.
O-O Nc6 9. Rb1 Na5 10. Qa4 b6 11. Nd4 Bb7 12. Bxb7 Nxb7 13. Nc6 Qd7 14. Ba3 Na5
15. Nxe7+ Qxe7 16. Bxe7 Rfe8 17. Bb4 Rxe2 18. Rfe1 Rxe1+ 19. Rxe1 Nc4 20. Re8+
Rxe8 21. Qxe8+ Bf8 22. Qxf8# {Black checkmated} 1-0

[Event "Team 45 45 League T65"]
[Site "Internet Chess Club"]
[Date "2015.06.21"]
[Round "3"]
[White "FosterChess"]
[Black "parrot9"]
[Result "0-1"]
[WhiteElo "1467"]
[BlackElo "1615"]
[Opening "Sicilian: Scheveningen (Paulsen), classical variation"]
[ECO "B84"]
[Time "13:00:31"]
[TimeControl "2700+45"]

1. e4 c5 2. Nf3 d6 3. d4 cxd4 4. Nxd4 Nf6 5. Nc3 a6 6. Be2 e6 7. O-O Be7 8. Be3
Nbd7 9. f3 O-O 10. Qd2 Qc7 11. Rad1 b5 12. a3 Bb7 13. b4 Rac8 14. Nb1 d5 15. Bf4
Bd6 16. Bxd6 Qxd6 17. Qg5 h6 18. Qe3 Qc7 19. Bd3 Ne5 20. f4 Nxd3 21. cxd3 dxe4
22. dxe4 Nxe4 23. Rc1 Qb6 24. Rxc8 Rxc8 25. Qd3 Rd8 26. Rd1 f6 27. Qe2 Rxd4 28.
Rc1 Rd1# {White checkmated} 0-1

[Event "Team 45 45 League T65"]
[Site "Internet Chess Club"]
[Date "2015.06.22"]
[Round "3"]
[White "imgr8"]
[Black "searchforbobby1"]
[Result "1-0"]
[WhiteElo "2212"]
[BlackElo "2085"]
[Opening "Sicilian: Nimzovich-Rossolimo attack (without ...d6)"]
[ECO "B30"]
[Time "21:10:52"]
[TimeControl "2700+45"]

1. e4 c5 2. Nf3 Nc6 3. Bb5 d6 4. O-O Bd7 5. Re1 Nf6 6. h3 a6 7. Bf1 e5 8. c3 Be7
9. d4 Qc7 10. Na3 b5 11. Nc2 O-O 12. Ne3 Rfe8 13. Nd5 Qd8 14. Nxe7+ Qxe7 15. d5
Na5 16. b3 h6 17. Bd2 Nh7 18. c4 Nb7 19. Bd3 Kh8 20. Nh2 b4 21. Qh5 Nf6 22. Qf3
a5 23. a4 bxa3 24. Rxa3 Ra6 25. Nf1 Rea8 26. Rea1 Kh7 27. Kh2 Rb6 28. Bc2 Kh8
29. Bxa5 Nxa5 30. Rxa5 Rab8 31. Ne3 g6 32. Ra7 R6b7 33. g3 Kg7 34. Rxb7 Rxb7 35.
Ra8 Rc7 36. Nd1 Rc8 37. Ra7 Qd8 38. Qc3 Rb8 39. Qa5 Qc8 40. Qa6 Bxh3 41. Qxd6
Bf1 42. Ne3 Qh3+ 43. Kg1 Bg2 44. Nxg2 Ng4 45. Qxb8 Qh2+ 46. Kf1 Qh1+ 47. Ke2
Qxg2 48. Rxf7+ Kxf7 49. Qc7+ Kf6 50. Qd6+ Kg5 51. Qe7+ Nf6 52. Qxe5+ {Black
resigns} 1-0

[Event "Team 45 45 League T65"]
[Site "Internet Chess Club"]
[Date "2015.06.19"]
[Round "3"]
[White "Monterrey"]
[Black "Goldenberg"]
[Result "0-1"]
[WhiteElo "2012"]
[BlackElo "2059"]
[Opening "QGD: Tarrasch, Prague variation, 9.Bg5"]
[ECO "D34"]
[Time "19:00:29"]
[TimeControl "2700+45"]

1. d4 d5 2. Nf3 Nf6 3. c4 e6 4. Nc3 c5 5. cxd5 exd5 6. g3 Nc6 7. Bg2 Be7 8. O-O
O-O 9. Bg5 cxd4 10. Nxd4 h6 11. Bf4 a6 12. Qa4 Bd7 13. Nxd5 Nxd5 14. Bxd5 Nb4
15. Qb3 Bh3 16. e4 Bxf1 17. Rxf1 Nxd5 18. exd5 Qd7 19. Rd1 Rfd8 20. Nf3 Qb5 21.
Qxb5 axb5 22. Bc7 Rd7 23. d6 Bxd6 24. Bxd6 Ra6 25. Rd5 Rdxd6 26. Rxb5 Rdb6
{White resigns} 0-1

[Event "Team 45 45 League T65"]
[Site "Internet Chess Club"]
[Date "2015.06.18"]
[Round "3"]
[White "JasonModer"]
[Black "chsrules88"]
[Result "1-0"]
[WhiteElo "1867"]
[BlackElo "2006"]
[Opening "QGD: Chigorin defense"]
[ECO "D07"]
[Time "20:03:46"]
[TimeControl "2700+45"]

1. d4 d5 2. c4 Nc6 3. Nf3 Bg4 4. e3 e6 5. Nc3 Nf6 6. cxd5 Bxf3 7. Qxf3 exd5 8.
Bb5 Bb4 9. O-O O-O 10. a3 Bd6 11. Kh1 Ne7 12. e4 dxe4 13. Nxe4 Nxe4 14. Qxe4 c6
15. Bd3 Ng6 16. f4 Re8 17. Qf3 Qf6 18. f5 Ne7 19. Qg4 h6 20. Bd2 Nd5 21. Rf3 c5
22. Bc4 Nb6 23. Bb5 Re7 24. dxc5 Bxc5 25. Bc3 Qg5 26. Qxg5 hxg5 27. Bxg7 Nd5 28.
f6 Re3 29. Rf5 Rd8 30. Rxg5 Bd4 31. Bc4 Nf4 32. Rg4 Bxb2 33. Rg1 Rc3 34. Rxf4
Rc1 35. Rh4 Rxg1+ 36. Kxg1 Rd1+ 37. Kf2 Bxf6 38. Bxf6 Rd2+ 39. Ke3 {Black
forfeits on time} 1-0

[Event "Team 45 45 League T65"]
[Site "Internet Chess Club"]
[Date "2015.06.23"]
[Round "3"]
[White "fishhead"]
[Black "alexkolay"]
[Result "1-0"]
[WhiteElo "1815"]
[BlackElo "1808"]
[Opening "Ruy Lopez: Berlin defense, open variation"]
[ECO "C67"]
[Time "16:00:23"]
[TimeControl "2700+45"]

1. e4 e5 2. Nf3 Nc6 3. Bb5 Nf6 4. O-O Nxe4 5. d4 Nd6 6. Bxc6 dxc6 7. dxe5 Nf5 8.
Qxd8+ Kxd8 9. b3 Be7 10. Bb2 Be6 11. c4 c5 12. Nbd2 c6 13. Ne4 h6 14. g4 Nh4 15.
Nxh4 Bxh4 16. h3 b6 17. f4 Rg8 18. f5 Bc8 19. Rfd1+ Kc7 20. Nd6 Rf8 21. e6 fxe6
22. Bxg7 Rg8 23. Be5 h5 24. f6 Rf8 25. Nf5+ Kb7 26. Nxh4 hxg4 27. hxg4 Ka6 28.
Ng6 Rf7 29. Rd8 Bb7 30. Rad1 Rxd8 31. Rxd8 b5 32. Nh8 Rh7 33. f7 Rxf7 34. Nxf7
b4 35. Nd6 Kb6 36. Rb8 Ka6 37. Nxb7 Kb6 38. g5 Ka6 39. Bc7 e5 40. Nxc5# {Black
checkmated} 1-0

[Event "Team 45 45 League T65"]
[Site "Internet Chess Club"]
[Date "2015.06.21"]
[Round "3"]
[White "Jack-ONeill"]
[Black "TillyChess"]
[Result "0-1"]
[WhiteElo "2064"]
[BlackElo "2188"]
[Opening "French: Rubinstein variation"]
[ECO "C03"]
[Time "15:03:39"]
[TimeControl "2700+45"]

1. e4 e6 2. d4 d5 3. Nd2 dxe4 4. Nxe4 Nd7 5. Nf3 Ngf6 6. Nxf6+ Nxf6 7. c3 c5 8.
Ne5 a6 9. Qa4+ Bd7 10. Nxd7 Qxd7 11. Qxd7+ Nxd7 12. Be3 cxd4 13. Bxd4 e5 14. Be3
f5 15. g3 Bc5 16. Bxc5 Nxc5 17. Rd1 Rd8 18. Rxd8+ Kxd8 19. Be2 Kc7 20. O-O Rd8
21. Rd1 Na4 22. Rxd8 Kxd8 23. b4 Nxc3 24. Bc4 b5 25. Bg8 h6 26. Kf1 Kd7 27. Ke1
Kd6 28. Kd2 Ne4+ 29. Ke3 Nf6 {White resigns} 0-1

[Event "Team 45 45 League T65"]
[Site "Internet Chess Club"]
[Date "2015.06.20"]
[Round "3"]
[White "modiglani"]
[Black "Ptzz"]
[Result "1-0"]
[WhiteElo "1966"]
[BlackElo "2042"]
[Opening "Polish (Sokolsky) opening"]
[ECO "A00"]
[Time "08:00:15"]
[TimeControl "2700+45"]

1. b4 e5 2. Bb2 Bxb4 3. Bxe5 Nf6 4. Nf3 Nc6 5. Bb2 O-O 6. e3 d5 7. Be2 Bg4 8.
O-O Re8 9. h3 Bh5 10. Nd4 Bxe2 11. Nxe2 Ne5 12. d3 c6 13. Nd2 h6 14. Ng3 Qe7 15.
Nf3 Bd6 16. Nf5 Nxf3+ 17. Qxf3 Qe6 18. Nxh6+ gxh6 19. Qxf6 Qxf6 20. Bxf6 Be5 21.
Bxe5 Rxe5 22. Rab1 Re7 23. a4 f5 24. Rb4 Rf8 25. Rfb1 Rff7 26. Kh2 Kg7 27. Kg3
Kf6 28. a5 a6 29. Kf3 Ke6 30. Rf4 Kd6 31. g4 Re5 32. d4 fxg4+ 33. hxg4 Rxf4+ 34.
Kxf4 Re7 35. Rh1 Rf7+ 36. Kg3 Rf6 37. f4 c5 38. g5 hxg5 39. fxg5 Rf5 40. Rh6+
Kc7 41. g6 cxd4 42. exd4 Rg5+ 43. Kf4 Rg2 44. Rh7+ Kc6 45. g7 Kb5 46. Ke5 Kxa5
47. Kxd5 Kb6 48. Ke6 a5 49. d5 a4 50. d6 Kc6 51. d7 Kc7 52. d8=Q+ Kxd8 53. Rh8+
Kc7 54. g8=Q Rxg8 55. Rxg8 Kc6 56. Ra8 Kb5 57. Kd5 Kb4 58. c4 b6 59. Kc6 {Black
resigns} 1-0

[Event "Team 45 45 League T65"]
[Site "Internet Chess Club"]
[Date "2015.06.21"]
[Round "3"]
[White "Holgate"]
[Black "pokerram"]
[Result "1-0"]
[WhiteElo "2027"]
[BlackElo "1750"]
[Opening "Sicilian: Kan, Polugaievsky variation"]
[ECO "B42"]
[Time "14:00:26"]
[TimeControl "2700+45"]

1. e4 c5 2. Nf3 e6 3. d4 cxd4 4. Nxd4 a6 5. Bd3 Bc5 6. Nb3 Be7 7. O-O Nc6 8. f4
d6 9. c4 Nf6 10. Nc3 O-O 11. Qe2 Qc7 12. Bd2 b6 13. Rae1 Nd7 14. Nd5 exd5 15.
exd5 Bf6 16. dxc6 Qxc6 17. Be4 Qa4 18. Bxa8 Qxa2 19. Qd3 Qxb2 20. Kh1 g6 21. Be4
Bg7 22. Rb1 Qf6 23. Rbc1 Qh4 24. Qxd6 Nf6 25. Bf3 Nh5 26. Bxh5 Qxh5 27. Qxb6 Bf5
28. Bc3 Bxc3 29. Rxc3 Qe2 30. Qf2 Qe4 31. Re1 Qc6 32. c5 Be4 33. Nd4 Qd5 34. Nf3
Rc8 35. Rcc1 a5 36. Red1 Qb7 37. Ne5 Qb3 38. c6 Rc7 39. Rd7 Qa3 40. Qd2 Rxc6 41.
Nxc6 Qh3 42. Rd8+ {Black resigns} 1-0

[Event "Team 45 45 League T65"]
[Site "Internet Chess Club"]
[Date "2015.06.21"]
[Round "3"]
[White "Megasus"]
[Black "Tobiasdelmonte"]
[Result "0-1"]
[WhiteElo "1600"]
[BlackElo "1792"]
[Opening "Queen's pawn game, Krause variation"]
[ECO "D02"]
[Time "22:00:32"]
[TimeControl "2700+45"]

1. Nf3 d5 2. d4 c5 3. e3 Nf6 4. h3 Nc6 5. a3 Bf5 6. b3 e6 7. Bb2 Bd6 8. Nbd2 O-O
9. c4 h6 10. Be2 Qc7 11. Qc1 cxd4 12. exd4 Bf4 13. Qc3 Ne4 14. Nxe4 dxe4 15. d5
f6 16. dxc6 exf3 17. Bxf3 Be5 18. Qc1 Bf4 19. Qc3 bxc6 20. Rd1 Be5 21. Qc1 Rab8
22. b4 a5 23. O-O axb4 24. axb4 Bf4 25. Qc3 Be5 26. Qc1 Rxb4 27. Ba3 c5 28. Bxb4
cxb4 29. Be2 b3 30. Bd3 b2 31. Qc2 Bxd3 32. Qxd3 Rc8 33. Rb1 Qxc4 34. Qxc4 Rxc4
35. g3 Rc2 36. Kg2 Kf7 37. Kf3 Rc3+ 38. Ke2 Ra3 39. Kd1 g5 40. Re1 Ke7 41. Kc2
Rf3 42. Re2 Rc3+ 43. Kd2 Ra3 44. Kc2 Rc3+ 45. Kd2 Rb3 46. Kc2 Rb5 47. Kd3 Kd6
48. Kc4 Rc5+ 49. Kb4 Rc1 50. Re1 Rc2 51. Rf1 Bd4 52. Kb3 Re2 53. Rbd1 e5 54. Kc4
Rc2+ 55. Kb3 Re2 56. Kc4 Ke6 57. f4 Rc2+ 58. Kb3 Rg2 59. Rf3 Kd5 60. Rfd3 Rh2
61. fxe5 fxe5 62. h4 gxh4 63. gxh4 Rxh4 64. R3d2 Rh3+ 65. Ka2 Kc4 66. Rc2+ Kb4
67. Rb1 Ra3# {White checkmated} 0-1

[Event "Team 45 45 League T65"]
[Site "Internet Chess Club"]
[Date "2015.06.22"]
[Round "3"]
[White "junard"]
[Black "JJ12"]
[Result "1/2-1/2"]
[WhiteElo "2004"]
[BlackElo "2064"]
[Opening "Trompowsky attack (Ruth, Opocenský opening)"]
[ECO "A45"]
[Time "09:32:52"]
[TimeControl "2700+45"]

1. d4 Nf6 2. Bg5 Ne4 3. Bf4 d5 4. Nd2 Nxd2 5. Qxd2 e6 6. Nf3 Bd6 7. Bg5 Be7 8.
Bxe7 Qxe7 9. e3 O-O 10. Bd3 c5 11. c3 Nc6 12. O-O e5 13. dxe5 Nxe5 14. Be2 Rd8
15. Rfd1 Nc6 16. h3 Bf5 17. Bd3 Bg6 18. Bxg6 hxg6 19. Qc2 Rd7 20. Rd2 Rad8 21.
Rad1 Kf8 22. Qa4 a6 23. a3 Ne5 24. Nxe5 Qxe5 25. Qh4 g5 26. Qa4 Ke7 27. Rd3 Qe4
28. Qa5 Qc4 29. Qb6 Qb5 30. Qxb5 axb5 31. f3 {Game drawn by mutual agreement}
1/2-1/2

[Event "Team 45 45 League T65"]
[Site "Internet Chess Club"]
[Date "2015.06.21"]
[Round "3"]
[White "Logic"]
[Black "LittleButton"]
[Result "1-0"]
[WhiteElo "2034"]
[BlackElo "1841"]
[Opening "French: Steinitz attack"]
[ECO "C00"]
[Time "11:02:41"]
[TimeControl "2700+45"]

1. e4 e6 2. e5 d5 3. exd6 Bxd6 4. d4 Nf6 5. Nf3 h6 6. Nc3 Nbd7 7. Nb5 Be7 8. Bf4
Nd5 9. Bg3 a6 10. c4 axb5 11. cxd5 exd5 12. Bxb5 c6 13. Bd3 Qa5+ 14. Nd2 Nf8 15.
O-O Ne6 16. Nb3 Qb6 17. Bc2 Bf6 18. Re1 O-O 19. Be5 Bxe5 20. dxe5 Qd8 21. Re3
Nf4 22. g3 Qg5 23. Qd4 Nh3+ 24. Kg2 Qg4 25. f4 b6 26. Rf1 Ba6 27. Rff3 Rab8 28.
f5 Qxd4 29. Nxd4 Ng5 30. Nxc6 Rb7 31. Rf2 Rc7 32. Nb4 Bb7 33. Rd3 d4+ 34. Kf1
Rc4 35. a3 Rfc8 36. e6 fxe6 37. fxe6 Nxe6 38. Bb3 Rc1+ 39. Ke2 Re8 40. Kd2 Rb1
41. Re2 Rxb2+ 42. Nc2 Rxb3 43. Rxb3 d3 44. Rxd3 Ba6 45. Nd4 Bxd3 46. Kxd3 Kf7
47. Rf2+ Ke7 48. Nf5+ Kd7 49. Kc4 Ra8 50. Kb4 Ra5 51. Nxg7 Nd4 52. Rd2 Rd5 53.
Kc4 Kc6 54. Rxd4 b5+ 55. Kc3 {Black resigns} 1-0

[Event "Team 45 45 League T65"]
[Site "Internet Chess Club"]
[Date "2015.06.20"]
[Round "3"]
[White "Baspofsky"]
[Black "Gilligan"]
[Result "1/2-1/2"]
[WhiteElo "1888"]
[BlackElo "2029"]
[Opening "Queen's pawn game"]
[ECO "E10"]
[Time "20:04:50"]
[TimeControl "2700+45"]

1. d4 Nf6 2. c4 e6 3. Nf3 d5 4. e3 Be7 5. Bd3 O-O 6. O-O dxc4 7. Bxc4 a6 8. a4
c5 9. Qe2 Nc6 10. Rd1 cxd4 11. exd4 Nb4 12. Nc3 Nbd5 13. Bg5 Nxc3 14. bxc3 Qc7
15. Ne5 Bd7 16. Nxd7 Qxd7 17. d5 exd5 18. Bxf6 Bxf6 19. Bxd5 Bxc3 20. Rab1 Qxa4
21. Rxb7 Rae8 22. Qf3 Qxd1+ 23. Qxd1 Re1+ 24. Qxe1 Bxe1 25. Kf1 Bc3 26. Rb3
{Game drawn by mutual agreement} 1/2-1/2

[Event "Team 45 45 League T65"]
[Site "Internet Chess Club"]
[Date "2015.06.18"]
[Round "3"]
[White "Magnus87"]
[Black "JJ12"]
[Result "0-1"]
[WhiteElo "2146"]
[BlackElo "2065"]
[Opening "QGD: 4.Nf3"]
[ECO "D37"]
[Time "09:30:32"]
[TimeControl "2700+45"]

1. d4 Nf6 2. Nf3 d5 3. c4 e6 4. Nc3 Be7 5. cxd5 exd5 6. Bg5 O-O 7. e3 c6 8. Bd3
h6 9. Bh4 Re8 10. Qc2 Nbd7 11. O-O Nf8 12. Rab1 a5 13. a3 Ne4 14. Bxe7 Qxe7 15.
Bxe4 dxe4 16. Nd2 f5 17. b4 axb4 18. axb4 Be6 19. Na4 Nd7 20. Nc5 Ra2 21. Qc3
Nb6 22. Nxe6 Qxe6 23. Rfd1 Na4 24. Qc1 f4 25. Ra1 fxe3 26. fxe3 Rxa1 27. Qxa1 b5
28. Rc1 Qd5 29. Qb1 Re6 30. Qb3 Kf7 31. Rf1+ Ke7 32. Qxd5 cxd5 33. Rf5 Kd6 34.
Rf8 Ke7 35. Rg8 g5 36. Nb3 Nc3 37. Rb8 Ra6 38. Na5 Rf6 39. h3 Kd7 40. Kh2 Kc7
41. Rb7+ Kc8 42. Kg3 h5 43. Rg7 Ne2+ 44. Kh2 g4 45. hxg4 hxg4 46. Rh7 Rf1 47.
Rh5 g3+ 48. Kh3 Nf4+ 49. exf4 Rh1+ 50. Kxg3 Rxh5 51. Nc6 Kc7 52. Ne5 Kd6 53. Kf2
Rh1 54. f5 Ke7 55. g4 Kf6 56. Nd7+ Kg5 57. Ne5 Rh2+ 58. Ke3 Rb2 59. Nc6 Rb3+ 60.
Ke2 Rd3 61. Ke1 Rc3 62. Ne7 Rc4 63. Nxd5 Rxd4 64. Nc3 Rxb4 65. Ke2 Rb2+ 66. Ke3
Rb3 67. Kd4 e3 68. Ne2 b4 69. Ke4 Rb2 70. Kxe3 b3 71. Nd4 Rg2 72. Nf3+ Kxg4 73.
f6 Rg3 {White resigns} 0-1

[Event "Team 45 45 League T65"]
[Site "Internet Chess Club"]
[Date "2015.06.21"]
[Round "3"]
[White "junard"]
[Black "Epcot"]
[Result "0-1"]
[WhiteElo "2001"]
[BlackElo "2135"]
[Opening "QGD"]
[ECO "A40"]
[Time "07:04:53"]
[TimeControl "2700+45"]

1. d4 e6 2. Nf3 Nf6 3. Bg5 d5 4. c4 dxc4 5. e3 Be7 6. Bxc4 O-O 7. O-O Nbd7 8.
Nc3 c6 9. e4 b5 10. Bd3 a6 11. e5 Nd5 12. Bxe7 Qxe7 13. Nxd5 cxd5 14. Rc1 Bb7
15. Rc7 Rab8 16. Qc2 g6 17. Rc1 Rfc8 18. Qd2 Rxc7 19. Rxc7 Qd8 20. Rxd7 Qxd7 21.
Qh6 Rf8 22. h4 f6 23. exf6 Rxf6 24. Ne5 Qg7 25. Qc1 Rf8 26. Qe3 Bc8 27. g3 Qf6
28. f3 Kg7 29. Kg2 Qe7 30. Qd2 Bd7 31. Qa5 Qd6 32. Qd2 Be8 33. a3 Qc7 34. Ng4
Kh8 35. Ne5 Kg8 36. Qe3 a5 37. Qg5 Kh8 38. Qh6 Qe7 39. g4 Rg8 40. Qd2 b4 41.
axb4 Qxb4 42. Qf2 Rf8 43. Kg3 Kg7 44. Bb1 Bb5 45. h5 gxh5 46. Qc2 Qe1+ 47. Kh2
Qe2+ 48. Kg3 Qxc2 49. Bxc2 hxg4 50. fxg4 Rc8 51. Bd3 Bxd3 52. Nxd3 Rb8 53. Kf4
Kf6 54. g5+ Ke7 {White resigns} 0-1